 Dungeon Crawl Stone Soup version 0.18-a0-597-g3d6925d (webtiles) character file.

554 GriffonMage the Martial Artist (level 7, 0/62 HPs)
             Began as a Naga Monk on Dec 4, 2015.
             Slain by a gnoll
             ... wielding a +0 spear
              (3 damage)
             ... on level 4 of the Dungeon.
             The game lasted 00:15:08 (3546 turns).

GriffonMage the Martial Artist (Naga Monk)          Turns: 3546, Time: 00:15:08

Health: 0/62       AC:  3    Str: 12 (13) XL:     7   Next: 30%
Magic:  7/7        EV: 10    Int: 12      God:
Gold:   142        SH:  0    Dex: 14      Spells: 0 memorised, 6 levels left

rFire  . . .     SeeInvis +       - Unarmed
rCold  . . .     Clarity  .     h - +0 leather armour
rNeg   . . .     SustAt   .     (no shield)
rPois  +         Gourm    .     (no helmet)
rElec  .         Spirit   .     (no cloak)
rCorr  .         Dismiss  .     (no gloves)
rMut   .         Stasis   .     (no barding)
MR     .....                    (no amulet)
Stlth  ++........               (no ring)
                                (no ring)

@: about to teleport, very slow, not resistant to hostile enchantments,
unstealthy
A: see invisible, deformed body, poison resistance, slowness 2, slow metabolism
1, spit poison 2, AC +2
a: Spit Poison


You were on level 4 of the Dungeon.
You were not hungry.

You visited 1 branch of the dungeon, and saw 4 of its levels.

You collected 142 gold pieces.

Inventory:

Armour
 a - a +0 robe
 h - a +0 leather armour (worn)
Jewellery
 e - an uncursed amulet of faith
Wands
 d - a wand of hasting (2)
 u - a wand of lightning (7)
Scrolls
 c - 2 scrolls of enchant weapon {unknown}
 g - a scroll of teleportation
 i - a scroll of amnesia {unknown}
 j - a scroll of recharging {unknown}
 k - a scroll of remove curse {unknown}
 l - 3 scrolls of identify {unknown}
 o - a scroll of immolation {unknown}
 r - a scroll of fear {unknown}
 t - a scroll of magic mapping {unknown}
Comestibles
 b - 3 bread rations
 f - 2 beef jerkies
 m - a fruit
 n - a chunk of flesh
 w - a meat ration


   Skills:
 - Level 3.0 Fighting
 - Level 2.4 Dodging
 - Level 3.0 Stealth
 + Level 8.6 Unarmed Combat


You had 6 spell levels left.
You didn't know any spells.

Dungeon Overview and Level Annotations

Branches:
Dungeon (4/15)
 Temple: D:4-7

Altars:
Gozag
Nemelex Xobeh
Sif Muna
Trog


Innate Abilities, Weirdness & Mutations

You cannot wear boots.
Your serpentine skin is tough (AC +2).
You have supernaturally acute eyesight.
Armour fits poorly on your strangely shaped body.
Your system is resistant to poisons.
You cover ground very slowly.
You have a slow metabolism.
You can spit poison.


Message History

The gnoll shaman is heavily wounded.
The gnoll hits you from afar with a spear.
The gnoll shaman misses you.
The gnoll hits you from afar with a spear!
* * * LOW HITPOINT WARNING * * *
You aren't carrying any potions.
Read which item? (? for menu, Esc to quit)
As you read the scroll labeled BELUMA FOUBUTI, it crumbles to dust.
You feel strangely unstable.
It was a scroll of teleportation.
The gnoll barely misses you. The gnoll shaman hits you with a whip!
* * * LOW HITPOINT WARNING * * *
You barely miss the gnoll shaman.
The gnoll shaman is heavily wounded.
The gnoll hits you from afar with a spear.
* * * LOW HITPOINT WARNING * * *
The gnoll shaman hits you but does no damage.
You punch the gnoll shaman!
You kill the gnoll shaman!
The gnoll hits you from afar with a spear.
You die...

### #### ##
#.# #..# ..
#.# #..#
.####g####.#
#..#
.....g)@...#
#..#
..###g####.#
#..# # #.#
#####..#
#.####......#
#.#.....###.#
.# #.#.###.#
#.# ..#
#.#.#⌠#.###<#
# #.#
#...###..##.#
#. #.#
#........##.#


You could see 3 gnolls.

Vanquished Creatures
  The ghost of GriffonMage the Ruffian, an amateur NaMo (D:3)
  A giant frog (D:3)
  2 orc priests (D:4)
  A gnoll shaman (D:4)
  Ijyb (D:2)
  Jessica (D:3)
  2 orc wizards
  A hound skeleton (D:4)
  3 gnolls (D:4)
  10 adders
  11 orcs
  5 bats
  2 giant cockroaches
  5 hobgoblins
  4 jackals (D:1)
  2 quokkas (D:3)
  3 giant newts
  3 goblins
  A kobold (D:3)
  8 rats
67 creatures vanquished.

Notes
Turn   | Place    | Note
--------------------------------------------------------------
     0 | D:1      | GriffonMage the Naga Monk began the quest for the Orb.
     0 | D:1      | Reached XP level 1. HP: 21/21 MP: 1/1
   406 | D:1      | Reached XP level 2. HP: 17/28 MP: 2/2
   934 | D:2      | Found a sparkling altar of Nemelex Xobeh.
   934 | D:2      | Found an opulent altar of Gozag.
   974 | D:2      | Noticed Ijyb
  1002 | D:2      | Killed Ijyb
  1002 | D:2      | Reached skill level 5 in Unarmed Combat
  1002 | D:2      | Reached XP level 3. HP: 19/34 MP: 3/3
  1340 | D:2      | Reached XP level 4. HP: 34/42 MP: 4/4
  1406 | D:2      | Found a deep blue altar of Sif Muna.
  1808 | D:3      | Reached skill level 6 in Unarmed Combat
  1857 | D:3      | Noticed Jessica
  1865 | D:3      | Killed Jessica
  1865 | D:3      | Reached XP level 5. HP: 45/49 MP: 5/5
  2207 | D:3      | Reached skill level 7 in Unarmed Combat
  2207 | D:3      | Reached XP level 6. HP: 30/56 MP: 6/6
  2648 | D:3      | Found a bloodstained altar of Trog.
  2887 | D:3      | Noticed GriffonMage's ghost (amateur NaMo)
  2906 | D:3      | Killed GriffonMage's ghost
  3377 | D:4      | Reached skill level 8 in Unarmed Combat
  3388 | D:4      | Reached XP level 7. HP: 56/62 MP: 7/7
  3545 | D:4      | HP: 3/62 [gnoll/spear (4)]
  3546 | D:4      | Slain by a gnoll

Vault maps used:
D:1:      minmay_arrival_cross
D:2:      led_sif_pool, grunt_temple_overflow_opulence, uniq_iyjb
D:3:      first_bread, kennysheep_big_empty_room, trog_butcher_becter,
          uniq_jessica
D:4:      tgw_fedhas, lemuel_round_altar, minmay_temple_entry_statues_fountains,
          serial_glass, glass_columns_a, glass_columns_c, feat_on_display,
          due_unseen_surprise, minmay_strange_pillars

Action                   |  1- 3 |  4- 6 |  7- 9 || total
-------------------------+-------+-------+-------++-------
Melee: Unarmed           |    79 |   185 |    21 ||   285
 Abil: Spit Poison       |     7 |    11 |     1 ||    19
  Use: Potion            |     5 |     5 |       ||    10
       Scroll            |       |       |     1 ||     1
 Stab: Sleeping          |     1 |     5 |       ||     6
  Eat: Fruit             |     1 |     1 |       ||     2
       Chunk             |       |     5 |     1 ||     6
